 Dungeon Crawl Stone Soup version 0.28.0-43-g3370ac3207 (webtiles) character file.

Game seed: 7630680481983887028

19624 mortz the Blocker (level 12, -13/97 HPs)
             Began as a Gnoll Fighter on Mar 23, 2022.
             Was an Elder of Makhleb.
             Mangled by a minotaur
             ... wielding a +1 halberd of flaming
              (26 damage)
             ... in a Gauntlet.
             The game lasted 01:59:09 (14068 turns).

mortz the Blocker (Gnoll Fighter)                  Turns: 14068, Time: 01:59:10

Health: -13/97     AC: 23    Str: 23    XL:     12   Next: 70%
Magic:  17/23      EV: 13    Int:  8    God:    Makhleb [****..]
Gold:   696        SH:  0    Dex: 13    Spells: 19/26 levels left

rFire   + + .      SeeInvis +   Q - +9 dire flail {mace}
rCold   x . .      Faith    .   (shield currently unavailable)
rNeg    + . .      Spirit   .   K - +0 fire dragon scales
rPois   .          Reflect  .   l - +0 helmet
rElec   .          Harm     .   y - +0 cloak
rCorr   +          Rampage  .   T - +2 pair of gloves "Doplifiv" {rN+ rCorr Str-2 SInv}
Will    .....      NoTele   +   C - +0 pair of boots
Stlth   ++........              D - amulet of regeneration {@e2}
HPRegen 1.06/turn               A - +4 ring of protection
MPRegen 0.18/turn               t - +6 ring of strength

@: very slightly contaminated
A: fangs 1, strong nose, distributed training
a: Renounce Religion, Minor Destruction, Lesser Servant of Makhleb, Major
Destruction


You were in a Gauntlet.
You worshipped Makhleb.
Makhleb was greatly pleased with you.
You visited 3 branches of the dungeon, and saw 15 of its levels.
You also visited: Gauntlet.

You collected 804 gold pieces.
You spent 108 gold pieces at shops.


Innate Abilities, Weirdness & Mutations

You have very sharp teeth.
Your uncanny sense of smell can sniff out nearby items.
Your experience applies equally to all skills.


   Skills:
 + Level 10.1 Fighting
 + Level 7.5 Short Blades
 + Level 8.9 Long Blades
 + Level 7.5 Axes
 + Level 7.5 Maces & Flails
 + Level 7.5 Polearms
 + Level 7.5 Staves
 + Level 7.5 Slings
 + Level 7.5 Bows
 + Level 7.5 Crossbows
 + Level 7.5 Throwing
 + Level 10.1 Armour
 + Level 7.5 Dodging
 + Level 7.5 Stealth
 + Level 10.1 Shields
 + Level 7.5 Unarmed Combat
 + Level 7.5 Spellcasting
 + Level 6.2 Conjurations
 + Level 6.2 Hexes
 + Level 6.2 Summonings
 + Level 6.2 Necromancy
 + Level 6.2 Translocations
 + Level 6.2 Transmutations
 + Level 6.2 Fire Magic
 + Level 6.2 Ice Magic
 + Level 6.2 Air Magic
 + Level 6.2 Earth Magic
 + Level 6.2 Poison Magic
 + Level 8.3 Invocations
 + Level 7.5 Evocations


You had 19 spell levels left.
You knew the following spells:

 Your Spells              Type           Power      Damage    Failure   Level
a - Pain                  Necr           52%        1d6       3%          1
b - Poisonous Vapours     Pois/Air       26%        N/A       6%          2
c - Ignite Poison         Fire/Tmut/Pois 13%        N/A       12%         3
d - Foxfire               Conj/Fire      52%        2x1d6     3%          1

Your spell library contained the following spells:

 Spells                   Type           Power      Damage    Failure   Level
 Animate Skeleton         Necr           26%        N/A       3%          1
 Freeze                   Ice            52%        1d7       3%          1
 Magic Dart               Conj           52%        1d5       3%          1
 Summon Small Mammal      Summ           52%        N/A       3%          1
 Corpse Rot               Necr/Air       26%        N/A       6%          2
 Searing Ray              Conj           26%        2d5       6%          2
 Call Canine Familiar     Summ           13%        N/A       12%         3
 Conjure Flame            Conj/Fire      13%        6-21      12%         3
 Frozen Ramparts          Ice            26%        1d4       12%         3
 Gell's Gravitas          Tloc           13%        N/A       12%         3
 Inner Flame              Hex/Fire       13%        N/A       12%         3
 Summon Guardian Golem    Hex/Summ       13%        N/A       12%         3
 Teleport Other           Tloc           13%        N/A       12%         3
 Vampiric Draining        Necr           13%        2d6       12%         3
 Flame Wave               Conj/Fire      13%        2d6       36%         4
 Fulminant Prism          Conj/Hex       6%         3d7       36%         4
 Hailstorm                Conj/Ice       13%        3d5       36%         4
 Sticky Flame             Conj/Fire      13%        2d4       36%         4
 Dispersal                Tloc           6%         N/A       99%         6

Inventory:

Hand Weapons
 F - a +1 antimagic battleaxe {axe}
   (You took it off an orc warrior on level 5 of the Dungeon)
 P - a +2 scimitar of flaming {long}
   (You took it off Erica on level 2 of the Lair of Beasts)
 Q - a +9 dire flail (weapon) {mace}
   (You took it off a wight on level 7 of the Dungeon)
 R - a +2 flail of freezing {mace}
   (You took it off a wight on level 7 of the Dungeon)
Missiles
 L - 6 poisoned darts (quivered) {throwing}
Armour
 c - a +0 buckler
 l - a +0 helmet (worn)
   (You found it on level 10 of the Dungeon)
 q - the +5 ring mail of Melancholy {rF++ rN+}
   (You found it on level 3 of the Dungeon)

   rF:        It greatly protects you from fire.
   rN:        It protects you from negative energy.
 y - a +0 cloak (worn)
   (You bought it in a shop on level 4 of the Dungeon)
 z - a +0 pair of gloves
   (You found it on level 4 of the Dungeon)
 C - a +0 pair of boots (worn)
   (You found it on level 5 of the Dungeon)
 K - +0 fire dragon scales (worn)
   (You found it on level 6 of the Dungeon)
 T - the +2 pair of gloves "Doplifiv" (worn) {rN+ rCorr Str-2 SInv}
   (You found it in a Gauntlet)

   Str:       It affects your strength (-2).
   rN:        It protects you from negative energy.
   SInv:      It lets you see invisible.
   rCorr:     It protects you from acid and corrosion.
 U - +0 swamp dragon scales
   (You took it off Maggie on level 7 of the Dungeon)
Jewellery
 i - a +4 ring of evasion
   (You found it on level 1 of the Lair of Beasts)
 o - an amulet of faith {!P}
   (You found it in a Gauntlet)
 t - a +6 ring of strength (right hand)
   (You found it on level 3 of the Lair of Beasts)
 x - a ring of willpower
   (You found it on level 4 of the Dungeon)
 A - a +4 ring of protection (left hand)
   (You found it on level 3 of the Lair of Beasts)
 D - an amulet of regeneration (around neck) {@e2}
   (You found it on level 9 of the Dungeon)
 N - a +6 ring of dexterity
   (You found it on level 9 of the Dungeon)
 O - a ring of flight
   (You found it on level 7 of the Dungeon)
Wands
 w - a wand of polymorph (5)
   (You found it on level 9 of the Dungeon)
 B - a wand of iceblast (29)
   (You found it on level 4 of the Dungeon)
 G - a wand of paralysis (13)
   (You found it on level 5 of the Dungeon)
 X - a wand of acid (10)
   (You took it off an orc warrior on level 9 of the Dungeon)
 Z - a wand of flame (20)
   (You found it on level 2 of the Lair of Beasts)
Scrolls
 f - 3 scrolls of silence {!r}
 j - a scroll of magic mapping {!r}
 n - a scroll of enchant weapon
 s - a scroll of fog
 u - 3 scrolls of teleportation {@r4}
 v - 2 scrolls of vulnerability {!r!r}
 H - a scroll of summoning
 J - 2 scrolls of fear
 S - 2 scrolls of immolation {!r!r}
 V - a scroll of holy word {unknown}
 Y - a scroll of amnesia
Potions
 a - 2 potions of invisibility
 b - 2 potions of mutation {!q}
 d - 2 potions of might
 e - 2 potions of haste {@q3}
 h - a potion of attraction {!q}
 k - 3 potions of lignification {!q}
 m - 4 potions of curing {@q1}
 r - 2 potions of degeneration {unknown}
 E - 3 potions of brilliance
 I - a potion of resistance {unknown}
 M - a potion of flight {unknown}
 W - a potion of ambrosia {unknown}
Miscellaneous
 g - a condenser vane (inert)
   (You found it on level 1 of the Lair of Beasts)

Dungeon Overview and Level Annotations

Branches:
Dungeon (10/15)            Temple (1/1) D:4            Lair (4/6) D:10
 Shoals (0/4) Lair:3        Snake (0/4) Lair:3      Gauntlet (1/1)
    Orc: D:9-12

Altars:
Elyvilon
Fedhas
Gozag
Makhleb
Sif Muna
Uskayaw
Wu Jian
Xom
Yredelemnul
Zin

Shops:
D:4 [   D:10 [

Annotations:
D:10 2 runed translucent doors, exclusions: ice statue and orange crystal statue Gauntlet 12 transporters, 16 runed translucent doors, exclusions: obsidian statue and orange crystal statue

############
###.##.##.##.##
#.....###.....#
#.##.##∩##.##.#
##.##.##.##.##.##
#......#.#......#
###.##.#H###.##.#
###.##.#@###.##.#
#...............#
#.##.##.##.##.###
#.##.##.##.##.###
#...............#
##.##.##.##.##.##
###.##.##.##.##.###
#≈...............≈# ###
####8..©.©.©.©.©.©..8####
###


You could see a minotaur.


Message History

You feel weaker.
Partly explored, unvisited transporter.
There is a transporter here.
You enter the transporter and appear at another place.
You open the door.
A minotaur comes into view.
It is wielding a +1 halberd of flaming and wearing the +0 plate armour "Plog" {rN+ Will++}.
The minotaur bellows!
Found a glowing hand crossbow.
Found a gate leading back out of this place.
Casting: Foxfire (safe; 3% risk of failure)
Confirm with . or Enter, or press ? or * to list all spells.
Aiming: Poisonous Vapours (safe; 6% risk of failure)
Press: ? - help, Dir - move target, f - minotaur
Aim: a minotaur, wielding a +1 halberd of flaming, wearing the +0 plate armour "Plog" {rN+ Will++}, wearing a ring of fire and quivering javelins Poisonous vapours surround the minotaur!
The minotaur is poisoned.
The minotaur throws a javelin.
The javelin closely misses you. 😎 MP[-2]
You lost 2 mp, and now have 21/23 mp.
Clouds of noxious fumes condense around you!
The condenser dries out!
The minotaur is engulfed in noxious fumes.
Casting: Poisonous Vapours (safe; 6% risk of failure)
Confirm with . or Enter, or press ? or * to list all spells.
You miscast Ignite Poison.
You are very lightly contaminated with residual magic.
You feel very strange.
The minotaur is engulfed in noxious fumes.
The minotaur throws a javelin.
The javelin pierces through you but does no damage. 😎 MP[-3]
You lost 3 mp, and now have 18/23 mp.
Casting: Ignite Poison (dangerous; 12% risk of failure)
Confirm with . or Enter, or press ? or * to list all spells.
You ignite the poison in your surroundings!
The minotaur seems to burn from within!
The minotaur is engulfed in blazing flames.
The minotaur hits you from afar with a +1 halberd of flaming!
The minotaur burns you. 😕 HP[-8] MP[-3]
You take 8 damage, and now have 89/97 hp.
You lost 3 mp, and now have 15/23 mp.
The minotaur is engulfed in blazing flames.
The minotaur hits you with a +1 halberd of flaming!!
The minotaur burns you.
The minotaur gores you but does no damage.
There is an open door, spattered with blood here. 😮 HP[-24]
You take 24 damage, and now have 65/97 hp.
MASSIVE DAMAGE!! (PAUSE)
You sock the minotaur!
The minotaur hits you with a +1 halberd of flaming!!
* * * LOW HITPOINT WARNING * * *
The minotaur burns you.
* * * LOW HITPOINT WARNING * * *
The minotaur gores you.
* * * LOW HITPOINT WARNING * * *
😨 HP[-31] MP[+1]
You take 31 damage, and now have 34/97 hp.
MASSIVE DAMAGE!! (PAUSE)
You hit the minotaur.
The minotaur is engulfed in blazing flames.
The minotaur hits you with a +1 halberd of flaming!
* * * LOW HITPOINT WARNING * * *
The minotaur burns you.
* * * LOW HITPOINT WARNING * * *
The minotaur barely misses you. 😨 HP[-9]
You take 9 damage, and now have 25/97 hp.
You hit the minotaur.
The minotaur hits you with a +1 halberd of flaming.
* * * LOW HITPOINT WARNING * * *
The minotaur gores you but does no damage.
You puncture the minotaur!
The minotaur hits you but does no damage.
The minotaur gores you but does no damage. 😨 HP[+1]
You feel much better.
The minotaur hits you with a +1 halberd of flaming!
* * * LOW HITPOINT WARNING * * *
The minotaur burns you.
* * * LOW HITPOINT WARNING * * *
The minotaur barely misses you. 😨 HP[+14]
You regained 14 hp, and now have 40/97 hp.
You puncture the minotaur!
You bite the minotaur, but do no damage.
The minotaur hits you with a +1 halberd of flaming!!
* * * LOW HITPOINT WARNING * * *
The minotaur burns you.
* * * LOW HITPOINT WARNING * * *
The minotaur closely misses you. 😱 HP[-28]
You take 28 damage, and now have 12/97 hp.
MASSIVE DAMAGE!! (PAUSE)
You barely miss the minotaur.
The minotaur furiously retaliates!
The minotaur headbutts you, but does no damage.
You bite the minotaur, but do no damage.
The minotaur hits you with a +1 halberd of flaming!!
You die...

Skill      XL: |  1  2  3  4  5  6  7  8  9 10 11 12 |
---------------+-------------------------------------+-----
Invocations    | 1 2 3 4 5 6 7 8 |  8.3
Short Blades   | 1 2 3 4 5 6 7 |  7.5
Axes           | 1 2 3 4 5 6 7 |  7.5
Maces & Flails | 1 2 3 4 5 6 7 |  7.5
Polearms       | 1 2 3 4 5 6 7 |  7.5
Staves         | 1 2 3 4 5 6 7 |  7.5
Slings         | 1 2 3 4 5 6 7 |  7.5
Bows           | 1 2 3 4 5 6 7 |  7.5
Crossbows      | 1 2 3 4 5 6 7 |  7.5
Throwing       | 1 2 3 4 5 6 7 |  7.5
Dodging        | 1 2 3 4 5 6 7 |  7.5
Stealth        | 1 2 3 4 5 6 7 |  7.5
Unarmed Combat | 1 2 3 4 5 6 7 |  7.5
Spellcasting   | 1 2 3 4 5 6 7 |  7.5
Evocations     | 1 2 3 4 5 6 7 |  7.5
Conjurations   | 1 2 3 4 5 6 |  6.2
Hexes          | 1 2 3 4 5 6 |  6.2
Summonings     | 1 2 3 4 5 6 |  6.2
Necromancy     | 1 2 3 4 5 6 |  6.2
Translocations | 1 2 3 4 5 6 |  6.2
Transmutations | 1 2 3 4 5 6 |  6.2
Fire Magic     | 1 2 3 4 5 6 |  6.2
Ice Magic      | 1 2 3 4 5 6 |  6.2
Air Magic      | 1 2 3 4 5 6 |  6.2
Earth Magic    | 1 2 3 4 5 6 |  6.2
Poison Magic   | 1 2 3 4 5 6 |  6.2
Long Blades    | 5 6 7 8 |  8.9
Fighting       | 7 8 9 10 | 10.1
Armour         | 7 8 9 10 | 10.1
Shields        | 7 8 9 10 | 10.1

Action                   |  1- 3 |  4- 6 |  7- 9 | 10-12 || total
-------------------------+-------+-------+-------+-------++-------
Melee: Long sword        |   109 |   128 |       |       ||   237
       Bite              |    12 |     9 |    56 |   114 ||   191
       Dagger            |       |    11 |   417 |   436 ||   864
       Dire flail        |       |       |       |   309 ||   309
       Flail             |       |       |       |    32 ||    32
Throw: Stone             |       |    42 |       |       ||    42
       Dart              |       |       |    18 |    43 ||    61
 Cast: Poisonous Vapours |       |       |       |    23 ||    23
       Pain              |       |       |       |     3 ||     3
       Foxfire           |       |       |       |    21 ||    21
       Ignite Poison     |       |       |       |     5 ||     5
Invok: Minor Destruction |       |       |       |     1 ||     1
Evoke: Wand              |       |       |     8 |     9 ||    17
       Condenser vane    |       |       |       |     1 ||     1
  Use: Scroll            |       |       |    10 |    13 ||    23
       Potion            |       |       |       |     5 ||     5
 Stab: Sleeping          |       |     1 |     3 |     5 ||     9
Armor: Scale mail        |    48 |     5 |       |       ||    53
       Ring mail         |       |    57 |    40 |       ||    97
       Fire dragon scale |       |       |    58 |   173 ||   231
       Swamp dragon scal |       |       |       |    59 ||    59
Dodge: Dodged            |    33 |    47 |    96 |   384 ||   560
Block: Buckler           |    16 |    36 |    56 |   116 ||   224

Levels and vault maps discovered:
D:1:      dpeg_arrival_refuge, layout_rooms,
          shapermc_ecumenical_altar_acropolis, minmay_tetromino_t4
D:2:      layout_basic
D:3:      layout_basic, minitemple, uniq_grinder
D:4:      layout_rooms, minmay_temple_entry_offerings, serial_shops,
          shop_fountains, sigmund_army
D:5:      layout_loops_cross, portal_sewer_entry_f,
          chequers_serial_rivers_small_3, guppyfry_early_orc_mine
D:6:      layout_basic
D:7:      layout_loops_cross, nicolae_uskayaw_suspiria, uniq_maggie
D:8:      layout_rooms, roderic_nine_men_s_morris
D:9:      layout_stronghold
D:10:     minmay_statue_hallways, layout_basic, dpeg_oklobed_lair, serial_shops,
          nicolae_shop_behind_doors, chequers_guarded_unrand_ignorance
Temple:   regret_index_temple_waves
Lair:1:   lemuel_reptile_caves, layout_hall_layers, minivault_23,
          beast_lair_carwin_7
Lair:2:   layout_hall_layers, uniq_urug, uniq_harold, uniq_erica
Lair:3:   layout_gridlike, minmay_shoals_entry_beasts,
          minmay_snake_entry_guardpost_small
Lair:4:   gammafunk_mikee_crab_dinner, layout_loops_ring, gauntlet_entry_generic
Gauntlet: gammafunk_gauntlet_one_two_three
          [minmay_gauntlet_arena_make_your_own_arena,
          gammafunk_gauntlet_arena_open, gammafunk_gauntlet_arena_mazey,
          gammafunk_gauntlet_arena_arrow_garden,
          nicolae_gauntlet_arena_flowing_pool, gammafunk_gauntlet_arena_corners,
          gammafunk_gauntlet_arena_crates, nicolae_gauntlet_swirl,
          gammafunk_gauntlet_arena_spirals, gauntlet_exit_green]

Notes
Turn   | Place    | Note
-------+----------+-------------------------------------------
     0 | D:1      | mortz the Gnoll Fighter began the quest for the Orb.
     0 | D:1      | Reached XP level 1. HP: 23/23 MP: 1/1
     0 | D:1      | magus.rc [v1.9.6]
   125 | D:1      | Reached XP level 2. HP: 29/29 MP: 2/2
   196 | D:1      | You pick up a book of Callings and begin reading...
   196 | D:1      | You add the spells Summon Small Mammal, Call Canine
                  | Familiar and Summon Guardian Golem to your library.
   378 | D:1      | Reached XP level 3. HP: 35/35 MP: 3/3
   483 | D:1      | Found a faded altar of an unknown god.
   565 | D:1      | You fall into a shaft and drop 1 floor!
   779 | D:2      | Reached skill level 1 in Invocations
   859 | D:2      | You add the spells Conjure Flame, Ignite Poison and Sticky
                  | Flame to your library.
   940 | D:2      | Reached skill level 1 in Short Blades
   940 | D:2      | Reached skill level 1 in Axes
   940 | D:2      | Reached skill level 1 in Maces & Flails
   940 | D:2      | Reached skill level 1 in Polearms
   940 | D:2      | Reached skill level 1 in Staves
   940 | D:2      | Reached skill level 1 in Slings
   940 | D:2      | Reached skill level 1 in Bows
   940 | D:2      | Reached skill level 1 in Crossbows
   940 | D:2      | Reached skill level 1 in Throwing
   940 | D:2      | Reached skill level 1 in Dodging
   940 | D:2      | Reached skill level 1 in Stealth
   940 | D:2      | Reached skill level 1 in Unarmed Combat
   940 | D:2      | Reached skill level 1 in Spellcasting
   940 | D:2      | Reached skill level 1 in Evocations
  1058 | D:2      | Reached XP level 4. HP: 40/41 MP: 5/5
  1462 | D:3      | Reached skill level 1 in Conjurations
  1462 | D:3      | Reached skill level 1 in Hexes
  1462 | D:3      | Reached skill level 1 in Summonings
  1462 | D:3      | Reached skill level 1 in Necromancy
  1462 | D:3      | Reached skill level 1 in Translocations
  1462 | D:3      | Reached skill level 1 in Transmutations
  1462 | D:3      | Reached skill level 1 in Fire Magic
  1462 | D:3      | Reached skill level 1 in Ice Magic
  1462 | D:3      | Reached skill level 1 in Air Magic
  1462 | D:3      | Reached skill level 1 in Earth Magic
  1462 | D:3      | Reached skill level 1 in Poison Magic
  1505 | D:3      | Identified the +5 ring mail of Melancholy {rF++ rN+}
  1809 | D:3      | Noticed Grinder
  1851 | D:3      | Paralysed by Grinder for 7 turns
  1864 | D:3      | Killed Grinder
  1865 | D:3      | Reached skill level 2 in Short Blades
  1865 | D:3      | Reached skill level 5 in Long Blades
  1865 | D:3      | Reached skill level 2 in Axes
  1865 | D:3      | Reached skill level 2 in Maces & Flails
  1865 | D:3      | Reached skill level 2 in Polearms
  1865 | D:3      | Reached skill level 2 in Staves
  1865 | D:3      | Reached skill level 2 in Slings
  1865 | D:3      | Reached skill level 2 in Bows
  1865 | D:3      | Reached skill level 2 in Crossbows
  1865 | D:3      | Reached skill level 2 in Throwing
  1865 | D:3      | Reached skill level 2 in Dodging
  1865 | D:3      | Reached skill level 2 in Stealth
  1865 | D:3      | Reached skill level 2 in Unarmed Combat
  1865 | D:3      | Reached skill level 2 in Spellcasting
  1865 | D:3      | Reached skill level 2 in Invocations
  1865 | D:3      | Reached skill level 2 in Evocations
  1865 | D:3      | Reached XP level 5. HP: 24/47 MP: 5/8
  1865 | D:3      | Reached XP level 6. HP: 27/53 MP: 5/9
  2400 | D:3      | Found a glowing silver altar of Zin.
  2403 | D:3      | Found a shimmering altar of Xom.
  2406 | D:3      | Found an ornate altar of the Wu Jian Council.
  2408 | D:3      | Found a basalt altar of Yredelemnul.
  2409 | D:3      | Found a shimmering blue altar of Sif Muna.
  2412 | D:3      | Found a white marble altar of Elyvilon.
  2515 | D:4      | You add the spells Gell's Gravitas, Teleport Other and
                  | Dispersal to your library.
  2552 | D:4      | Found Gogeu's Antique Armour Emporium.
  2589 | D:4      | Bought a cloak for 108 gold pieces
  2618 | D:4      | You pick up a book of Vapours and begin reading...
  2618 | D:4      | You add the spells Poisonous Vapours and Corpse Rot to your
                  | library.
  2721 | D:4      | Found a staircase to the Ecumenical Temple.
  2727 | D:4      | You pick up a book of Necromancy and begin reading...
  2727 | D:4      | You add the spells Pain, Animate Skeleton and Vampiric
                  | Draining to your library.
  2729 | D:4      | Identified the +7 dagger "Siokhleug" {speed, Str-4 Int+4
                  | SInv Stlth+}
  2740 | Temple   | Entered the Ecumenical Temple
  2747 | Temple   | Became a worshipper of Makhleb the Destroyer
  2844 | D:4      | Reached XP level 7. HP: 55/59 MP: 10/10
  3145 | D:5      | Entered Level 5 of the Dungeon
  3262 | D:5      | Reached skill level 7 in Fighting
  3262 | D:5      | Reached skill level 7 in Armour
  3262 | D:5      | Reached skill level 7 in Shields
  3262 | D:5      | Reached skill level 2 in Conjurations
  3262 | D:5      | Reached skill level 2 in Hexes
  3262 | D:5      | Reached skill level 2 in Summonings
  3262 | D:5      | Reached skill level 2 in Necromancy
  3262 | D:5      | Reached skill level 2 in Translocations
  3262 | D:5      | Reached skill level 2 in Transmutations
  3262 | D:5      | Reached skill level 2 in Fire Magic
  3262 | D:5      | Reached skill level 2 in Ice Magic
  3262 | D:5      | Reached skill level 2 in Air Magic
  3262 | D:5      | Reached skill level 2 in Earth Magic
  3262 | D:5      | Reached skill level 2 in Poison Magic
  3796 | D:5      | Reached skill level 3 in Invocations
  3820 | D:5      | Reached XP level 8. HP: 48/67 MP: 5/12
  3980 | D:5      | Reached * piety under Makhleb
  4168 | D:5      | Reached skill level 3 in Short Blades
  4168 | D:5      | Reached skill level 3 in Axes
  4168 | D:5      | Reached skill level 3 in Maces & Flails
  4168 | D:5      | Reached skill level 3 in Polearms
  4168 | D:5      | Reached skill level 3 in Staves
  4168 | D:5      | Reached skill level 3 in Slings
  4168 | D:5      | Reached skill level 3 in Bows
  4168 | D:5      | Reached skill level 3 in Crossbows
  4168 | D:5      | Reached skill level 3 in Throwing
  4168 | D:5      | Reached skill level 3 in Dodging
  4168 | D:5      | Reached skill level 3 in Stealth
  4168 | D:5      | Reached skill level 3 in Unarmed Combat
  4168 | D:5      | Reached skill level 3 in Spellcasting
  4168 | D:5      | Reached skill level 3 in Evocations
  4555 | D:6      | You pick up a book of Frost and begin reading...
  4555 | D:6      | You add the spells Freeze, Frozen Ramparts and Hailstorm to
                  | your library.
  5118 | D:7      | Noticed Maggie
  5536 | D:7      | Reached skill level 3 in Conjurations
  5536 | D:7      | Reached skill level 3 in Hexes
  5536 | D:7      | Reached skill level 3 in Summonings
  5536 | D:7      | Reached skill level 3 in Necromancy
  5536 | D:7      | Reached skill level 3 in Translocations
  5536 | D:7      | Reached skill level 3 in Transmutations
  5536 | D:7      | Reached skill level 3 in Fire Magic
  5536 | D:7      | Reached skill level 3 in Ice Magic
  5536 | D:7      | Reached skill level 3 in Air Magic
  5536 | D:7      | Reached skill level 3 in Earth Magic
  5536 | D:7      | Reached skill level 3 in Poison Magic
  5536 | D:7      | Reached skill level 4 in Invocations
  5567 | D:7      | Reached skill level 6 in Long Blades
  5579 | D:7      | Reached XP level 9. HP: 61/72 MP: 14/14
  5644 | D:7      | Reached ** piety under Makhleb
  5851 | D:7      | Reached skill level 4 in Short Blades
  5851 | D:7      | Reached skill level 4 in Axes
  5851 | D:7      | Reached skill level 4 in Maces & Flails
  5851 | D:7      | Reached skill level 4 in Polearms
  5851 | D:7      | Reached skill level 4 in Staves
  5851 | D:7      | Reached skill level 4 in Slings
  5851 | D:7      | Reached skill level 4 in Bows
  5851 | D:7      | Reached skill level 4 in Crossbows
  5851 | D:7      | Reached skill level 4 in Throwing
  5851 | D:7      | Reached skill level 4 in Dodging
  5851 | D:7      | Reached skill level 4 in Stealth
  5851 | D:7      | Reached skill level 4 in Unarmed Combat
  5851 | D:7      | Reached skill level 4 in Spellcasting
  5851 | D:7      | Reached skill level 4 in Evocations
  6249 | D:7      | Killed Maggie
  6476 | D:7      | Reached skill level 8 in Fighting
  6476 | D:7      | Reached skill level 8 in Armour
  6476 | D:7      | Reached skill level 8 in Shields
  6694 | D:7      | Reached skill level 5 in Invocations
  6722 | D:7      | Found a hide-covered altar of Uskayaw.
  6722 | D:7      | Noticed a two-headed ogre
  6738 | D:7      | HP: 12/74 [two-headed ogre/+0 giant club (19)]
  6739 | D:7      | Killed a two-headed ogre
  6740 | D:7      | Reached skill level 4 in Conjurations
  6740 | D:7      | Reached skill level 4 in Hexes
  6740 | D:7      | Reached skill level 4 in Summonings
  6740 | D:7      | Reached skill level 4 in Necromancy
  6740 | D:7      | Reached skill level 4 in Translocations
  6740 | D:7      | Reached skill level 4 in Transmutations
  6740 | D:7      | Reached skill level 4 in Fire Magic
  6740 | D:7      | Reached skill level 4 in Ice Magic
  6740 | D:7      | Reached skill level 4 in Air Magic
  6740 | D:7      | Reached skill level 4 in Earth Magic
  6740 | D:7      | Reached skill level 4 in Poison Magic
  6740 | D:7      | Reached XP level 10. HP: 20/80 MP: 15/17
  7262 | D:8      | Reached skill level 5 in Short Blades
  7262 | D:8      | Reached skill level 5 in Axes
  7262 | D:8      | Reached skill level 5 in Maces & Flails
  7262 | D:8      | Reached skill level 5 in Polearms
  7262 | D:8      | Reached skill level 5 in Staves
  7262 | D:8      | Reached skill level 5 in Slings
  7262 | D:8      | Reached skill level 5 in Bows
  7262 | D:8      | Reached skill level 5 in Crossbows
  7262 | D:8      | Reached skill level 5 in Throwing
  7262 | D:8      | Reached skill level 5 in Dodging
  7262 | D:8      | Reached skill level 5 in Stealth
  7262 | D:8      | Reached skill level 5 in Unarmed Combat
  7262 | D:8      | Reached skill level 5 in Spellcasting
  7262 | D:8      | Reached skill level 5 in Evocations
  8040 | D:9      | Reached skill level 7 in Long Blades
  8800 | D:10     | Entered Level 10 of the Dungeon
  8821 | D:10     | Found a staircase to the Lair.
  8845 | D:10     | Noticed a two-headed ogre
  8864 | D:10     | Killed a two-headed ogre
  8865 | D:10     | Reached skill level 6 in Invocations
  9048 | D:10     | Found a runed translucent door.
  9077 | D:10     | Found the +10 tower shield of Ignorance {rN+ Int-4}
  9102 | D:10     | Noticed an ice statue
  9151 | D:10     | Found a runed translucent door.
  9517 | D:10     | Found Hoidgh's Antique Armour Shop.
  9524 | D:10     | Noticed a gargoyle
  9564 | D:10     | HP: 10/82 [gargoyle/+0 mace (13)]
  9566 | D:10     | HP: 3/82 [gargoyle/+0 mace (8)]
  9570 | D:10     | Killed a gargoyle
  9571 | D:10     | Reached XP level 11. HP: 20/87 MP: 19/19
  9710 | D:10     | Noticed an orange crystal statue
  9827 | D:10     | magus.rc [v1.9.6]
  9874 | Lair:1   | Entered Level 1 of the Lair of Beasts
  9892 | D:10     | Reached *** piety under Makhleb
  9953 | D:10     | Reached skill level 9 in Fighting
  9953 | D:10     | Reached skill level 6 in Short Blades
  9953 | D:10     | Reached skill level 6 in Axes
  9953 | D:10     | Reached skill level 6 in Maces & Flails
  9953 | D:10     | Reached skill level 6 in Polearms
  9953 | D:10     | Reached skill level 6 in Staves
  9953 | D:10     | Reached skill level 6 in Slings
  9953 | D:10     | Reached skill level 6 in Bows
  9953 | D:10     | Reached skill level 6 in Crossbows
  9953 | D:10     | Reached skill level 6 in Throwing
  9953 | D:10     | Reached skill level 9 in Armour
  9953 | D:10     | Reached skill level 6 in Dodging
  9953 | D:10     | Reached skill level 6 in Stealth
  9953 | D:10     | Reached skill level 9 in Shields
  9953 | D:10     | Reached skill level 6 in Unarmed Combat
  9953 | D:10     | Reached skill level 6 in Spellcasting
  9953 | D:10     | Reached skill level 6 in Evocations
  9986 | D:10     | Reached skill level 5 in Conjurations
  9986 | D:10     | Reached skill level 5 in Hexes
  9986 | D:10     | Reached skill level 5 in Summonings
  9986 | D:10     | Reached skill level 5 in Necromancy
  9986 | D:10     | Reached skill level 5 in Translocations
  9986 | D:10     | Reached skill level 5 in Transmutations
  9986 | D:10     | Reached skill level 5 in Fire Magic
  9986 | D:10     | Reached skill level 5 in Ice Magic
  9986 | D:10     | Reached skill level 5 in Air Magic
  9986 | D:10     | Reached skill level 5 in Earth Magic
  9986 | D:10     | Reached skill level 5 in Poison Magic
  9990 | D:10     | HP: 20/89 [blink frog (9)]
 10067 | D:10     | Learned a level 1 spell: Pain
 10070 | D:10     | Learned a level 2 spell: Poisonous Vapours
 10148 | Lair:1   | Learned a level 3 spell: Ignite Poison
 10559 | Lair:1   | Reached skill level 7 in Invocations
 10674 | D:10     | Reached skill level 8 in Long Blades
 11176 | Lair:1   | Reached **** piety under Makhleb
 11240 | Lair:2   | Noticed a six-headed hydra
 11252 | Lair:2   | Killed a six-headed hydra
 11353 | Lair:2   | Noticed Erica
 11368 | Lair:2   | Killed Erica
 11369 | Lair:2   | Reached XP level 12. HP: 93/96 MP: 22/22
 11430 | Lair:2   | Noticed a six-headed hydra
 11443 | Lair:2   | Killed a six-headed hydra
 11589 | Lair:2   | Noticed Harold
 11598 | Lair:2   | Killed Harold
 11599 | Lair:2   | Reached skill level 7 in Short Blades
 11599 | Lair:2   | Reached skill level 7 in Axes
 11599 | Lair:2   | Reached skill level 7 in Maces & Flails
 11599 | Lair:2   | Reached skill level 7 in Polearms
 11599 | Lair:2   | Reached skill level 7 in Staves
 11599 | Lair:2   | Reached skill level 7 in Slings
 11599 | Lair:2   | Reached skill level 7 in Bows
 11599 | Lair:2   | Reached skill level 7 in Crossbows
 11599 | Lair:2   | Reached skill level 7 in Throwing
 11599 | Lair:2   | Reached skill level 7 in Dodging
 11599 | Lair:2   | Reached skill level 7 in Stealth
 11599 | Lair:2   | Reached skill level 7 in Unarmed Combat
 11599 | Lair:2   | Reached skill level 7 in Spellcasting
 11599 | Lair:2   | Reached skill level 7 in Evocations
 11695 | Lair:2   | Noticed Urug
 11707 | Lair:2   | Killed Urug
 11804 | Lair:2   | You pick up a book of Flames and begin reading...
 11804 | Lair:2   | You add the spells Foxfire, Inner Flame and Flame Wave to
                  | your library.
 11812 | Lair:2   | Learned a level 1 spell: Foxfire
 12024 | Lair:3   | Noticed a five-headed hydra
 12038 | Lair:3   | Killed a five-headed hydra
 12349 | Lair:3   | Found a staircase to the Shoals.
 12354 | Lair:3   | Reached skill level 6 in Conjurations
 12354 | Lair:3   | Reached skill level 6 in Hexes
 12354 | Lair:3   | Reached skill level 6 in Summonings
 12354 | Lair:3   | Reached skill level 6 in Necromancy
 12354 | Lair:3   | Reached skill level 6 in Translocations
 12354 | Lair:3   | Reached skill level 6 in Transmutations
 12354 | Lair:3   | Reached skill level 6 in Fire Magic
 12354 | Lair:3   | Reached skill level 6 in Ice Magic
 12354 | Lair:3   | Reached skill level 6 in Air Magic
 12354 | Lair:3   | Reached skill level 6 in Earth Magic
 12354 | Lair:3   | Reached skill level 6 in Poison Magic
 12559 | Lair:3   | Reached skill level 8 in Invocations
 12581 | Lair:3   | Found a staircase to the Snake Pit.
 12906 | Lair:3   | You pick up a book of Conjurations {@e2} and begin
                  | reading...
 12906 | Lair:3   | You add the spells Magic Dart, Searing Ray and Fulminant
                  | Prism to your library.
 13259 | Lair:4   | Found a gate leading to a gauntlet.
 13265 | Gauntlet | Entered a Gauntlet
 13265 | Gauntlet | Found a transporter.
 13265 | Gauntlet | Found a large runed translucent door.
 13265 | Gauntlet | Found a large runed translucent door.
 13265 | Gauntlet | Found a large runed translucent door.
 13265 | Gauntlet | Found a large runed translucent door.
 13265 | Gauntlet | Found a runed translucent door.
 13265 | Gauntlet | Found a runed translucent door.
 13265 | Gauntlet | Found a large runed translucent door.
 13265 | Gauntlet | Found a large runed translucent door.
 13265 | Gauntlet | Found a large runed translucent door.
 13265 | Gauntlet | Found a large runed translucent door.
 13265 | Gauntlet | Found a large runed translucent door.
 13265 | Gauntlet | Found a large runed translucent door.
 13266 | Gauntlet | Found a large runed translucent door.
 13266 | Gauntlet | Found a large runed translucent door.
 13274 | Gauntlet | Found a large runed translucent door.
 13274 | Gauntlet | Found a large runed translucent door.
 13275 | Gauntlet | Found a runed translucent gate.
 13275 | Gauntlet | Found a runed translucent gate.
 13275 | Gauntlet | Found a runed translucent gate.
 13277 | Gauntlet | Found a transporter.
 13279 | Gauntlet | Found a transporter.
 13288 | Gauntlet | Found a transporter.
 13303 | Gauntlet | Found a transporter.
 13309 | Gauntlet | Found a transporter.
 13324 | Gauntlet | Found a transporter.
 13340 | Gauntlet | Noticed a blizzard demon
 13343 | Gauntlet | Found a transporter.
 13343 | Gauntlet | Noticed a blizzard demon
 13355 | Gauntlet | Found a transporter.
 13358 | Gauntlet | Noticed a quicksilver ooze
 13379 | Gauntlet | Found a transporter.
 13391 | Gauntlet | Found a transporter.
 13402 | Gauntlet | Noticed a death yak
 13403 | Gauntlet | Found a transporter.
 13405 | Gauntlet | Noticed a death yak
 13405 | Gauntlet | Noticed a death yak
 13420 | Gauntlet | Found a transporter.
 13437 | Gauntlet | Found a transporter.
 13439 | Gauntlet | Found a transporter.
 13457 | Gauntlet | Found a large runed translucent door.
 13458 | Gauntlet | Found a large runed translucent door.
 13466 | Gauntlet | Found a transporter.
 13468 | Gauntlet | Found a transporter.
 13572 | Gauntlet | Found a transporter.
 13771 | Gauntlet | Reached skill level 10 in Fighting
 13771 | Gauntlet | Reached skill level 10 in Armour
 13771 | Gauntlet | Reached skill level 10 in Shields
 13781 | Gauntlet | HP: 24/97 [elephant[a boggart] (7)]
 13804 | Gauntlet | HP: 20/97 [centaur warrior simulacrum (31)]
 13859 | Gauntlet | You pick up a book of Frost and begin reading...
 13932 | Gauntlet | Killed a blizzard demon
 13985 | Gauntlet | Identified the +2 pair of gloves "Doplifiv" {rN+ rCorr
                  | Str-2 SInv}
 14056 | Gauntlet | Identified the +0 plate armour "Plog" {rN+ Will++}
 14056 | Gauntlet | Noticed a minotaur
 14067 | Gauntlet | HP: 16/97 [minotaur/+1 halberd of flaming (25)]
 14068 | Gauntlet | Mangled by a minotaur

Vanquished Creatures
  A blizzard demon (Gauntlet)
  Harold (Lair:2)
  3 hydras
  Erica (Lair:2)
  2 two-headed ogres
  Urug (Lair:2)
  A worldbinder (Gauntlet)
  A manticore (Lair:3)
  4 cane toads
  A black mamba (D:10)
  Maggie (D:7)
  A gargoyle (D:10)
  5 komodo dragons
  Grinder (D:3)
  A wind drake (Lair:3)
  A wolf spider simulacrum (Gauntlet)
  A polar bear (Lair:1)
  5 blink frogs
  A vampire (D:9)
  A shadow (D:9)
  2 centaur simulacra (Gauntlet)
  A fire elemental (Lair:3)
  8 yaks
  A wyvern (D:9)
  2 fire bats (Lair:3)
  2 vampire mosquitoes (D:8)
  2 steam dragons
  3 nagas (Lair:3)
  8 water moccasins
  An acid dragon (D:10)
  A meliai simulacrum (Gauntlet)
  5 orc warriors
  2 sky beasts
  3 black bears (Lair:1)
  A necrophage (D:7)
  A boggart (Gauntlet)
  A wolf (Lair:1)
  7 centaurs
  A gnoll sergeant (D:10)
  3 bullfrogs
  A wyvern skeleton (D:7)
  A hornet simulacrum (Gauntlet)
  13 killer bees
  5 wights (D:7)
  2 howler monkeys (D:7)
  2 lava snakes (D:7)
  3 centaur zombies
  3 jellies
  4 hounds
  6 orc priests
  17 iguanas
  5 orc wizards
  A howler monkey zombie (D:9)
  3 gnolls (D:10)
  A howler monkey skeleton (D:7)
  6 adders
  2 ufetubi
  An adder skeleton (D:4)
  2 worms (D:2)
  A dart slug (D:1)
  31 orcs
  10 endoplasms
  6 giant cockroaches
  5 goblins
  9 hobgoblins
  3 kobolds
  6 quokkas
  6 ball pythons
  7 bats
  21 frilled lizards
  6 rats
278 creatures vanquished.

Vanquished Creatures (others)
  39 foxfires (Lair:3)
  7 fungi (Lair:3)
  6 plants
  14 withered plants (Gauntlet)
66 creatures vanquished.

Grand Total: 344 creatures vanquished

Table legend:
 A = Non-vault XP
 B = Vault XP
 C = Vault XP percentage of total XP
 D = Non-vault monster count
 E = Vault monster count
 F = Vault count percentage of total count
                 A         B        C        D         E       F
            +---------+---------+-------+---------+---------+-------
      Total |   17971 |   10064 |  35.9 |     203 |      75 |  27.0
            +---------+---------+-------+---------+---------+-------
        D:1 |      32 |       5 |  13.5 |      19 |       3 |  13.6
        D:2 |      62 |       0 |   0.0 |      21 |       0 |   0.0
        D:3 |     126 |     286 |  69.4 |      18 |       1 |   5.3
        D:4 |     107 |       6 |   5.3 |      11 |       3 |  21.4
        D:5 |     509 |     227 |  30.8 |      14 |      12 |  46.2
        D:6 |     700 |       0 |   0.0 |      14 |       0 |   0.0
        D:7 |    2342 |     415 |  15.1 |      28 |       1 |   3.4
        D:8 |     664 |       0 |   0.0 |       9 |       0 |   0.0
        D:9 |    1580 |       0 |   0.0 |      18 |       0 |   0.0
       D:10 |    3816 |     707 |  15.6 |      23 |       5 |  17.9
     Lair:1 |    2978 |    2138 |  41.8 |      11 |      34 |  75.6
     Lair:2 |    1883 |    2504 |  57.1 |       3 |       3 |  50.0
     Lair:3 |    3172 |    1278 |  28.7 |      14 |       5 |  26.3
   Gauntlet |       0 |    2498 | 100.0 |       0 |       8 | 100.0
            +---------+---------+-------+---------+---------+-------

Illustrated notes

Table legend:
 A = Kills in this place as a percentage of kills in entire the game.
 B = Kills by you in this place as a percentage of kills by you in the entire game.
 C = Kills by friends in this place as a percentage of kills by friends in the entire game.
 D = Other kills in this place as a percentage of other kills in the entire game.
 E = Experience gained in this place as a percentage of experience gained in the entire game.
 F = Experience gained in this place divided by the number of levels of this place that you have seen.
                   A       B       C       D       E      F
               +-------+-------+-------+-------+-------+----------------------
         Total | 100.0 | 100.0 |   N/A |   N/A | 100.0 | 1752.2
       Dungeon |  71.9 |  71.9 |   N/A |   N/A |  41.3 | 1158.4
          Lair |  25.2 |  25.2 |   N/A |   N/A |  49.8 | 3488.2
      Gauntlet |   2.9 |   2.9 |   N/A |   N/A |   8.9 | 2498.0
               +-------+-------+-------+-------+-------+----------------------

Table legend: (Time is in decaauts)
 A = Elapsed time spent in this place.
 B = Non-inter-level travel time spent in this place.
 C = Inter-level travel time spent in this place.
 D = Time resting spent in this place.
 E = Time spent auto-exploring this place.
 F = Levels seen in this place.
 G = Mean time per level.
                   A        B        C        D        E       F      G
               +--------+--------+--------+--------+--------+-----+--------+
         Total |  13755 |  13245 |    510 |   1559 |   8367 |  16 |  859.7 |
       Dungeon |   9798 |   9454 |    344 |   1364 |   6100 |  10 |  979.8 |
        Temple |     14 |     14 |      0 |      0 |      0 |   1 |   14.0 |
          Lair |   3141 |   2976 |    165 |    195 |   1860 |   4 |  785.2 |
      Gauntlet |    800 |    800 |      0 |      0 |    407 |   1 |  800.0 |
               +--------+--------+--------+--------+--------+-----+--------+

Top non-repeatable levels by time:
     D:7: 1547 daAuts
  Lair:3: 1233 daAuts
     D:5: 1225 daAuts
    D:10: 1220 daAuts
  Lair:1: 1130 daAuts
     D:3: 1091 daAuts
     D:9: 1091 daAuts
     D:6: 981 daAuts
Gauntlet: 800 daAuts
  Lair:2: 756 daAuts
     D:1: 710 daAuts
     D:2: 696 daAuts
     D:4: 679 daAuts
     D:8: 555 daAuts
  Lair:4: 20 daAuts
